 Dungeon Crawl Stone Soup version 0.19.1 (webtiles) character file.

98 KingCrawl the Grave Robber (level 4, -3/30 HPs)
             Began as a Demonspawn Necromancer on Dec 28, 2016.
             Killed by nerve-wracking pain
             ... invoked by Grinder
              (7 damage)
             ... on level 3 of the Dungeon.
             The game lasted 00:09:20 (2178 turns).

KingCrawl the Grave Robber (Demonspawn Necromancer) Turns: 2178, Time: 00:09:21

Health: -3/30      AC:  3    Str:  8    XL:     4   Next: 44%
Magic:  8/8        EV: 12    Int: 18    God:
Gold:   245        SH:  0    Dex: 13    Spells: 1 memorised, 8 levels left

rFire  + + .     SeeInvis .     m - -2 dagger (curse)
rCold  . . .     Gourm    .     p - +0 animal skin (curse)
rNeg   . . .     Faith    .     (no shield)
rPois  .         Spirit   .     q - +0 helmet (curse)
rElec  .         Reflect  .     (no cloak)
rCorr  .         Harm     .     (no gloves)
MR     .....                    (no boots)
Stlth  ++........               (no amulet)
                                r - ring of protection from fire
                                l - ring of protection from fire

@: hasted, very quick
A: claws 1, spiny 1
a: no special abilities


You were on level 3 of the Dungeon.
You were hungry.

You visited 1 branch of the dungeon, and saw 3 of its levels.

You collected 245 gold pieces.

Inventory:

Hand Weapons
 j - a +0 dagger
 m - a cursed -2 dagger (weapon)
Armour
 a - a +0 robe
 p - a cursed +0 animal skin (worn)
 q - a cursed +0 helmet (worn)
 x - a +1 hat
Jewellery
 l - a ring of protection from fire (left claw)
 r - a ring of protection from fire (right claw)
 s - a cursed -2 ring of protection {unknown}
Scrolls
 d - a scroll of enchant armour {unknown}
 f - a scroll of blinking {unknown}
 k - 3 scrolls of identify {unknown}
 n - a scroll of fear {unknown}
 w - a scroll of immolation {unknown}
Potions
 e - a potion of cancellation
 h - a potion of haste
 o - a potion of invisibility {unknown}
 t - a potion of brilliance {unknown}
 u - a potion of lignification {unknown}
Books
 b - a book of Necromancy

   Spells                             Type                      Level
   a - Pain                           Necromancy                   1
   b - Animate Skeleton               Necromancy                   1
   c - Vampiric Draining              Necromancy                   3
   d - Regeneration                   Charms/Necromancy            3
   e - Animate Dead                   Necromancy                   4
   f - Control Undead                 Necromancy                   4
Comestibles
 c - a bread ration
 g - 2 meat rations
 i - a slice of pizza
 v - 4 fruits


   Skills:
 - Level 1.7 Dodging
 - Level 1.7 Stealth
 - Level 3.2 Spellcasting
 + Level 5.6 Necromancy


You had 8 spell levels left.
You knew the following spells:

 Your Spells              Type           Power        Failure   Level  Hunger
a - Pain                  Necr           ###.         1%          1    None


Dungeon Overview and Level Annotations

Branches:
Dungeon (3/15)

Altars:
Ru

Annotations:
D:3 Grinder


Innate Abilities, Weirdness & Mutations

You have sharp fingernails.
You are partially covered in sharp spines.


Message History

You barely miss Grinder. Grinder is struck by your spines.
Grinder barely misses you.
You hit Grinder but do no damage.
Grinder is lightly wounded.
Grinder hits you!
* * * LOW HITPOINT WARNING * * *
You writhe in agony.
* * * LOW HITPOINT WARNING * * *
It was a potion of haste.
You feel yourself speed up. Grinder hits you.
* * * LOW HITPOINT WARNING * * *
You are very lightly contaminated with residual magic.
It was a potion of cancellation.
Your magical effects are unravelling.
You feel magically purged.
Your magical contamination has completely faded away.
You feel yourself slow down.
You feel yourself speed up. Grinder gestures at you.
Pain shoots through your body!
You die...

#.. #.. ... .... . #.#
....# # #### #.# ..... .
.....##.# ....# #
#......# #.#.# #
#5#######.#.# #
#.@.....#.#.# #
.......#####.#.#.#######
..#.##.# #.............
# #.# #..#.##.###### #.#
#..#.##.# # #.#
#....##.# # #.#
#.##.##.# # #. .. ..##.#
# ##. .....# #


You could see Grinder.

Vanquished Creatures
  Robin (D:2)
  2 adders
  An ooze (D:2)
  3 leopard geckos
  A giant cockroach (D:1)
  10 hobgoblins
  A quokka (D:2)
  4 bats
  A frilled lizard (D:1)
  20 goblins
  5 kobolds
  8 rats
57 creatures vanquished.

Notes
Turn   | Place    | Note
-------+----------+-------------------------------------------
     0 | D:1      | KingCrawl the Demonspawn Necromancer began the quest for the Orb.
     0 | D:1      | Reached XP level 1. HP: 13/13 MP: 3/3
   231 | D:1      | Gained mutation: You have sharp fingernails. [demonic ancestry]
   231 | D:1      | Reached XP level 2. HP: 16/19 MP: 2/5
   605 | D:1      | Gained mutation: You are partially covered in sharp spines. [demonic ancestry]
   605 | D:1      | Reached XP level 3. HP: 11/24 MP: 4/7
  1044 | D:2      | Found a sacrificial altar of Ru.
  1054 | D:2      | Noticed Robin
  1309 | D:2      | Killed Robin
  1309 | D:2      | Reached skill level 5 in Necromancy
  1611 | D:2      | Reached XP level 4. HP: 28/30 MP: 4/8
  2150 | D:3      | Noticed Grinder
  2162 | D:3      | Paralysed by Grinder for 6 turns
  2178 | D:3      | Killed from afar by Grinder

Skill      XL: |  1  2  3 |
---------------+----------+-----
Spellcasting   | 3 |  3.2
Necromancy     | 5 |  5.6
Dodging        | |  1.7
Stealth        | |  1.7

Action                   |  1- 3 |  4- 6 || total
-------------------------+-------+-------++-------
Melee: Unarmed           |    12 |       ||    12
       Dagger            |     4 |     4 ||     8
 Cast: Pain              |    66 |    29 ||    95
  Use: Potion            |       |     3 ||     3
  Eat: Chunk             |     2 |     1 ||     3
Armor: Robe              |     8 |       ||     8
Dodge: Dodged            |    22 |     8 ||    30
